 Dungeon Crawl Stone Soup version 0.29-a0-322-g68df515428 (webtiles) character file.

Game seed: 320338659215076044

105 bande the Covered (level 4, 0/29 HPs)
             Began as a Gargoyle Fighter on Apr 10, 2022.
             Slain by an iguana (8 damage)
             ... on level 3 of the Dungeon.
             The game lasted 00:03:36 (2197 turns).

bande the Covered (Gargoyle Fighter)                Turns: 2197, Time: 00:03:37

Health: 0/29       AC: 13    Str: 20    XL:     4   Next: 83%
Magic:  4/4        EV:  9    Int:  8    God:
Gold:   155        SH:  4    Dex: 11    Spells: 3/3 levels left

rFire   . . .      SeeInvis .   a - +1 war axe
rCold   . . .      Faith    .   c - +0 buckler
rNeg    + . .      Spirit   .   b - +0 scale mail
rPois   ∞          Reflect  .   f - +2 helmet
rElec   +          Harm     .   (no cloak)
rCorr   .          Rampage  .   (no gloves)
Will    .....                   (no boots)
Stlth   ..........              (no amulet)
HPRegen 0.09/turn               (no ring)
MPRegen 0.09/turn               (no ring)

@: no status effects
A: sickness immunity, AC +3, negative energy resistance 1, electricity
resistance, torment resistance 1, petrification resistance
a: no special abilities


You were on level 3 of the Dungeon.
You visited 1 branch of the dungeon, and saw 3 of its levels.

You collected 155 gold pieces.

Inventory:

Hand Weapons
 a - a +1 war axe (weapon)
Armour
 b - a +0 scale mail (worn)
 c - a +0 buckler (worn)
 f - a +2 helmet (worn)
Scrolls
 g - 2 scrolls of teleportation
Potions
 d - 2 potions of might
 i - 2 potions of magic
 k - a potion of brilliance
 l - 2 potions of cancellation {unknown}


   Skills:
 + Level 3.8 Fighting
 + Level 3.3 Axes
 + Level 3.9 Armour
 + Level 3.8 Shields


You had 3 spell levels left.
You didn't know any spells.
Your spell library contained the following spells:

 Spells                   Type           Power      Damage    Failure   Level
 Pain                     Necr           0%         1d4       85%         1
 Shock                    Conj/Air       0%         1d3       85%         1
 Call Canine Familiar     Summ           0%         N/A       99%         3
 Frozen Ramparts          Ice            0%         1d2       99%         3
 Portal Projectile        Hex/Tloc       0%         N/A       99%         3
 Swiftness                Air            0%         N/A       99%         3
 Airstrike                Air            0%         N/A       100%        4
 Ice Form                 Ice/Tmut       0%         N/A       100%        4
 Leda's Liquefaction      Hex/Erth       0%         N/A       100%        4
 Summon Ice Beast         Ice/Summ       0%         N/A       100%        4
 Agony                    Necr           0%         N/A       100%        5
 Excruciating Wounds      Necr           0%         N/A       100%        5


Dungeon Overview and Level Annotations

Branches:
Dungeon (3/15)

Altars:


Innate Abilities, Weirdness & Mutations

You are immune to sickness and miasma.
Your stone body is resilient. (AC +3)
You are immune to poison.
You resist negative energy. (rN+)
You are resistant to electric shocks. (rElec)
You are resistant to unholy torment.
You are immune to petrification.


Message History

You hit the orc. The iguana barely misses you.
The orc hits you but does no damage. Space warps around you.
The iguana bites you. The orc misses you.
You barely miss the iguana.
The iguana is heavily wounded.
You barely miss the orc. The iguana bites you. The orc closely misses you.
You are too injured to fight recklessly!
You are too injured to fight recklessly!
You are too injured to fight recklessly!
You are too injured to fight recklessly!
You are too injured to fight recklessly!
You are too injured to fight recklessly!
You are too injured to fight recklessly!
You are too injured to fight recklessly!
You hit the iguana but do no damage.
The iguana is heavily wounded.
You barely miss the orc.
The iguana bites you but does no damage.
You block the orc's attack.
You hit the iguana but do no damage.
The iguana is heavily wounded.
You hit the orc.
You kill the orc!
You block the iguana's attack. x2
Unknown command.
You closely miss the iguana.
The iguana is heavily wounded.
You block the iguana's attack.
You hit the iguana but do no damage.
The iguana is heavily wounded.
The iguana bites you!
* * * LOW HITPOINT WARNING * * *
The iguana barely misses you.
You hit the iguana.
The iguana is almost dead.
The iguana bites you but does no damage.
You hit the iguana but do no damage.
The iguana is almost dead.
The iguana closely misses you. The iguana bites you!
You die...

*,* *,***,,,,,**,,,,,,,,, *,*
*,*###*****,*,,*,,*** *,*
*,*#.# *,,*,,,,,* *,*
*,*#.####*,,##,,*,* ********,*
*,*#....,,,..,,,,,*
,,,,,,,,.####,*#..#***..#*,,***
*******,......##†.# *..##,,*
***#........## *...,,,*
#.#####@..###.####.*****
*,**#.)l##.#.......**,,,
*,*#...).##...#******,** **
*,*#.[...##...# *,* ,*
*,,#.....##..## *,*
,*********,......##...# *,*
,^,,,,,,,,..#.#.....#.## *,*
*********#...##..)...#.# *,*
*********#..#*###.....#### *,*


You could see an iguana.

Vanquished Creatures
  Robin (D:2)
  3 adders (D:2)
  A worm (D:2)
  A dart slug (D:2)
  3 orcs
  2 ball pythons (D:1)
  5 bats
  5 endoplasms
  2 giant cockroaches
  8 goblins (D:2)
  12 hobgoblins
  4 kobolds
  2 quokkas (D:1)
  2 frilled lizards (D:2)
  5 rats
56 creatures vanquished.

Vanquished Creatures (others)
  A demonic plant (D:2)
  A plant (D:1)
2 creatures vanquished.

Grand Total: 58 creatures vanquished

Notes
Turn   | Place    | Note
-------+----------+-------------------------------------------
     0 | D:1      | bande the Gargoyle Fighter began the quest for the Orb.
     0 | D:1      | Reached XP level 1. HP: 14/14 MP: 1/1
   123 | D:1      | Reached XP level 2. HP: 10/19 MP: 2/2
   865 | D:2      | Reached XP level 3. HP: 21/23 MP: 3/3
   992 | D:2      | Noticed Robin
  1004 | D:2      | Killed Robin
  1005 | D:2      | Reached XP level 4. HP: 10/29 MP: 4/4
  1493 | D:2      | Found a faded altar of an unknown god.
  1493 | D:2      | Noticed an ice devil
  2197 | D:3      | Slain by an iguana

Illustrated notes

Levels and vault maps discovered:
D:1:      kennysheep_arrival_seaside, layout_rooms
D:2:      layout_loops_ring, dreamdust_ecumenical_altar_sealed_demon,
          minmay_puff, uniq_robin
D:3:      layout_loops_ring, trog_butcher_becter, mainiacjoe_overflow_alcove_2,
          riverfiend_overflow_shadow_ancestor

Skill      XL: |  1  2  3  4 |
---------------+-------------+-----
Axes           | 2 3 |  3.3
Fighting       | |  3.8
Armour         | |  3.9
Shields        | |  3.8

Action                   |  1- 3 |  4- 6 || total
-------------------------+-------+-------++-------
Melee: War axe           |    86 |    72 ||   158
  Use: Scroll            |     3 |     6 ||     9
       Potion            |     1 |       ||     1
Armor: Scale mail        |    55 |    44 ||    99
Dodge: Dodged            |    61 |    36 ||    97
Block: Buckler           |    32 |    20 ||    52

Table legend: (Time is in decaauts)
 A = Elapsed time spent in this place.
 B = Non-inter-level travel time spent in this place.
 C = Inter-level travel time spent in this place.
 D = Time resting spent in this place.
 E = Time spent auto-exploring this place.
 F = Levels seen in this place.
 G = Mean time per level.
                   A        B        C        D        E       F      G
               +--------+--------+--------+--------+--------+-----+--------+
         Total |   2272 |   2135 |    137 |    230 |   1334 |   3 |  757.3 |
       Dungeon |   2272 |   2135 |    137 |    230 |   1334 |   3 |  757.3 |
               +--------+--------+--------+--------+--------+-----+--------+

Top non-repeatable levels by time:
     D:1: 1090 daAuts
     D:2: 1061 daAuts
     D:3: 120 daAuts
